 Dungeon Crawl Stone Soup version 0.31-a0-177-g4aa6249778 (webtiles) character file.

Game seed: 17200430637371053817

348 qw the Shooter (level 6, -3/57 HPs)
             Began as a Naga Hunter on June 18, 2023.
             Slain by an orc
             ... wielding a +0 hand axe
              (5 damage)
             ... on level 4 of the Dungeon.
             The game lasted 00:00:53 (3008 turns).

qw the Shooter (Naga Hunter)                        Turns: 3008, Time: 00:00:53

Health: -3/57      AC:  4    Str: 13    XL:     6   Next: 60%
Magic:  6/6        EV:  9    Int: 10    God:
Gold:   162        SH:  5    Dex: 16    Spells: 5/5 levels left

rFire   . . .        Y - +1 shortbow
rCold   . . .        (shield currently unavailable)
rNeg    . . .        c - +0 leather armour
rPois   +            (no helmet)
rElec   .            (no cloak)
rCorr   .            e - +0 pair of gloves
SInv    +            (no barding)
Will    .....        k - amulet of reflection
Stlth   ++           (no ring)
HPRegen 0.29/turn    (no ring)
MPRegen 0.10/turn

%: reflection
@: about to teleport, short of breath, very slow
A: AC +2, large, see invisible, deformed body, poison resistance, slowness 2,
spit poison 1, naga tail 1
a: Spit Poison


You were on level 4 of the Dungeon.
You visited 1 branch of the dungeon, and saw 4 of its levels.

You collected 162 gold pieces.


Innate Abilities, Weirdness & Mutations

Your serpentine skin is tough. (AC +2)
You have supernaturally acute eyesight. (SInv)
Armour fits poorly on your strangely shaped body.
Your system is resistant to poisons. (rPois)
You cover ground very slowly.
You can spit poison.
You have a snake-like lower body.


   Skills:
 - Level 4.1 Fighting
 + Level 6.1 Ranged Weapons
 - Level 1.5 Dodging
 - Level 1.5 Stealth


You had 5 spell levels left.
You didn't know any spells.
Your spell library was empty.

Inventory:

Hand Weapons
 Y - a +1 shortbow (weapon)
Armour
 c - a +0 leather armour (worn)
 e - a +0 pair of gloves (worn)
 f - a +0 helmet
Jewellery
 k - an amulet of reflection (around neck)
Scrolls
 a - a scroll of identify
Potions
 b - a potion of lignification {unknown}
 d - a potion of haste
 g - a potion of brilliance {unknown}
 h - a potion of degeneration {unknown}
 j - a potion of heal wounds {unknown}

Dungeon Overview and Level Annotations

Branches:
Dungeon (4/15)
 Temple: D:4-7

Altars:
Sif Muna
Uskayaw

Shops:
D:2 :

Annotations:
D:3 3 runed translucent doors, qw's ghost, amateur GrHu


Message History

The orc wizard hits you with a +0 dagger.
The orc barely misses you. The orc hits you but does no damage.
You feel less confused.
The orc wizard hits you with a +0 dagger.
The orc barely misses you. You block the orc's attack.
3003 ||| INVOKING Spit Poison.
Aiming: Spit Poison (1% risk of failure)
Press: ? - help, Shift-Dir - straight line, f - orc wizard The splash of poison misses the orc wizard.
The orc wizard gestures at you while chanting.
You easily resist.
The orc barely misses you. The orc hits you with a +0 hand axe.
You shoot an arrow. The arrow misses the orc wizard.
The orc wizard closely misses you. The orc hits you but does no damage.
You block the orc's attack.
You shoot an arrow. The arrow hits the orc wizard.
The orc wizard is moderately wounded.
The orc wizard hits you with a +0 dagger.
The orc hits you from afar with a +0 trident.
The orc closely misses you.
You shoot an arrow. The arrow hits the orc wizard.
The orc wizard is moderately wounded.
The orc wizard hits you but does no damage.
The orc barely misses you. You block the orc's attack.
The orc hits you with a +0 hand axe.
The orc hits you from afar with a +0 trident.
The orc wizard hits you with a +0 dagger.
3007 ||| READING scroll of teleportation.
As you read the scroll of teleportation, it crumbles to dust.
You feel strangely unstable.
The orc wizard hits you with a +0 dagger.
The orc hits you from afar with a +0 trident.
You block the orc's attack.
You shoot an arrow. The arrow hits the orc wizard!
The orc wizard is severely wounded.
The orc wizard points at you and mumbles some strange words.
The magic dart hits you but does no damage.
The orc hits you from afar with a +0 trident!
The orc hits you with a +0 hand axe.
You die...

#......#.................'.
#......#.......##...##+###.
#......#.......##...#......
#......#........'...#.....#
#......#'########...#.....#
##+###.....# .##...#.....#
#...#.....# ...#...#.....#
#...'....o#....#...#.....#
#...#....@o....#...#.....#
#...#.....#o...#...#.....#
#...#.....##########.....#
#...#.......# #.....#
#...#.......# #.....#
#...#.......# #.....#
#...#.......# #......
#.......# #......
#..<....#############.


You could see an orc wizard (invisible) and 2 orcs.

Vanquished Creatures
  A phantom (D:4)
  A scorpion (D:4)
  A howler monkey (D:4)
  An orc priest (D:4)
  A sleepcap (D:4)
  Natasha (D:3)
  3 adders
  2 worms (D:3)
  2 dart slugs
  5 orcs
  4 endoplasms
  3 giant cockroaches
  6 goblins
  2 hobgoblins
  2 jackals (D:3)
  4 kobolds
  2 quokkas (D:4)
  5 ball pythons
  3 bats
  7 frilled lizards
  7 rats
63 creatures vanquished.

Notes
Turn   | Place    | Note
-------+----------+-------------------------------------------
     0 | D:1      | qw the Naga Hunter began the quest for the Orb.
     0 | D:1      | Reached XP level 1. HP: 19/19 MP: 1/1
     0 | D:1      | 0 ||| qw: Version: 0.3-a-5-g6f28e65
     0 | D:1      | 0 ||| qw: Game counter: 578
     0 | D:1      | 0 ||| qw: Always use a shield: true
     0 | D:1      | 0 ||| qw: God list: Okawaru
     0 | D:1      | 0 ||| qw: Allow faded altars: false
     0 | D:1      | 0 ||| qw: Do Orc after D:15 true
     0 | D:1      | 0 ||| qw: Do second Lair branch before Depths: true
     0 | D:1      | 0 ||| qw: Lair rune preference: random
     0 | D:1      | 0 ||| qw: Plans: Normal
     0 | D:1      | 0 ||| PLANNING D:1-11
    87 | D:1      | 87 ||| INVOKING Spit Poison.
   160 | D:1      | 160 ||| INVOKING Spit Poison.
   182 | D:1      | 182 ||| INVOKING Spit Poison.
   296 | D:1      | Reached skill level 4 in Ranged Weapons
   296 | D:1      | Reached XP level 2. HP: 26/26 MP: 2/2
   299 | D:1      | 299 ||| INVOKING Spit Poison.
   307 | D:1      | 307 ||| INVOKING Spit Poison.
   313 | D:1      | 313 ||| INVOKING Spit Poison.
   571 | D:1      | 571 ||| INVOKING Spit Poison.
   705 | D:1      | 705 ||| INVOKING Spit Poison.
   763 | D:1      | 763 ||| INVOKING Spit Poison.
   877 | D:1      | Found a faded altar of an unknown god.
   972 | D:1      | 972 ||| UPGRADING to +0 pair of gloves.
   977 | D:1      | 977 ||| READING scroll labelled DAUHAN WEGGERPH.
   978 | D:1      | 978 ||| READING scroll labelled HUEZEK URECI.
   979 | D:1      | 979 ||| DROPPING scroll of butterflies.
  1021 | D:2      | 1021 ||| INVOKING Spit Poison.
  1066 | D:2      | 1066 ||| INVOKING Spit Poison.
  1070 | D:2      | 1070 ||| INVOKING Spit Poison.
  1093 | D:2      | 1093 ||| INVOKING Spit Poison.
  1119 | D:2      | 1119 ||| INVOKING Spit Poison.
  1121 | D:2      | Reached XP level 3. HP: 32/32 MP: 3/3
  1183 | D:2      | 1183 ||| INVOKING Spit Poison.
  1357 | D:2      | Found Sichedirch's Book Boutique.
  1390 | D:2      | 1390 ||| INVOKING Spit Poison.
  1783 | D:2      | 1783 ||| UPGRADING to amulet of reflection.
  1788 | D:2      | 1788 ||| READING scroll labelled MYUMPU PUVURU.
  1789 | D:2      | 1789 ||| READING scroll labelled XYRASUYN SION.
  1790 | D:2      | 1790 ||| READING 2 scrolls labelled JEGU MUIPPON.
  1824 | D:3      | Found a runed translucent gate.
  1824 | D:3      | Found a runed translucent gate.
  1827 | D:3      | 1827 ||| INVOKING Spit Poison.
  1840 | D:3      | 1840 ||| INVOKING Spit Poison.
  1866 | D:3      | 1866 ||| INVOKING Spit Poison.
  1893 | D:3      | 1893 ||| INVOKING Spit Poison.
  1894 | D:3      | 1894 ||| INVOKING Spit Poison.
  1896 | D:3      | Reached skill level 5 in Ranged Weapons
  1897 | D:3      | Reached XP level 4. HP: 39/39 MP: 4/4
  1933 | D:3      | 1933 ||| INVOKING Spit Poison.
  1937 | D:3      | 1937 ||| INVOKING Spit Poison.
  1940 | D:3      | 1940 ||| INVOKING Spit Poison.
  1941 | D:3      | 1941 ||| INVOKING Spit Poison.
  1953 | D:3      | 1953 ||| INVOKING Spit Poison.
  1965 | D:3      | 1965 ||| INVOKING Spit Poison.
  1979 | D:3      | 1979 ||| INVOKING Spit Poison.
  2009 | D:3      | Found a runed translucent gate.
  2009 | D:3      | Noticed a kobold brigand
  2010 | D:3      | Noticed qw's ghost (amateur GrHu)
  2119 | D:3      | 2119 ||| INVOKING Spit Poison.
  2306 | D:3      | Noticed Natasha
  2308 | D:3      | 2308 ||| INVOKING Spit Poison.
  2311 | D:3      | 2311 ||| Stepping ~*~*~tactically~*~*~ (outnumbered).
  2313 | D:3      | 2313 ||| Stepping ~*~*~tactically~*~*~ (outnumbered).
  2314 | D:3      | 2314 ||| INVOKING Spit Poison.
  2314 | D:3      | Killed Natasha
  2315 | D:3      | Reached skill level 3 in Fighting
  2443 | D:3      | 2443 ||| INVOKING Spit Poison.
  2449 | D:3      | 2449 ||| INVOKING Spit Poison.
  2461 | D:3      | Found a shimmering blue altar of Sif Muna.
  2462 | D:3      | 2462 ||| INVOKING Spit Poison.
  2469 | D:3      | Reached XP level 5. HP: 48/49 MP: 5/5
  2502 | D:3      | Found a hide-covered altar of Uskayaw.
  2511 | D:3      | 2511 ||| READING scroll labelled FAIROF WIEV.
  2512 | D:3      | 2512 ||| READING scroll labelled EGAHYS COSESS.
  2513 | D:3      | 2513 ||| READING 2 scrolls of identify.
  2513 | D:3      | 2513 ||| IDENTIFYING black potion
  2787 | D:4      | 2787 ||| INVOKING Spit Poison.
  2792 | D:4      | 2792 ||| INVOKING Spit Poison.
  2812 | D:4      | 2812 ||| INVOKING Spit Poison.
  2813 | D:4      | Noticed a phantom
  2822 | D:4      | Killed a phantom
  2823 | D:4      | Reached skill level 6 in Ranged Weapons
  2897 | D:4      | 2897 ||| INVOKING Spit Poison.
  2903 | D:4      | 2903 ||| INVOKING Spit Poison.
  2904 | D:4      | Reached XP level 6. HP: 54/57 MP: 6/6
  2974 | D:4      | 2974 ||| INVOKING Spit Poison.
  2990 | D:4      | 2990 ||| INVOKING Spit Poison.
  2996 | D:4      | 2996 ||| INVOKING Spit Poison.
  3003 | D:4      | 3003 ||| INVOKING Spit Poison.
  3006 | D:4      | HP: 14/57 [orc/+0 trident (2)]
  3007 | D:4      | 3007 ||| READING scroll of teleportation.
  3008 | D:4      | HP: 2/57 [orc/+0 trident (7)]
  3008 | D:4      | Slain by an orc

Levels and vault maps discovered:
D:1:      roderic_crop_circles_arrival_small, layout_basic,
          dreamdust_ecumenical_altar_hidden_monk_grotto, st_stairs_12,
          grunt_decor_fettered, nicolae_eternal_life,
          chequers_serial_rivers_micro_a
D:2:      layout_loops_corners, serial_shops, shop
D:3:      layout_loops_ring, mainiacjoe_overflow_two_lobes,
          gammafunk_ghost_nasty_kobolds, minivault_24, uniq_natasha
D:4:      layout_gridville, serial_shops, shop, serial_park_tiny_1

Skill      XL: |  1  2  3  4  5  6 |
---------------+-------------------+-----
Ranged Weapons | 4 5 6 |  6.1
Fighting       | 3 4 |  4.1
Dodging        | |  1.5
Stealth        | |  1.5

Action                     |  1- 3 |  4- 6 || total
---------------------------+-------+-------++-------
   Fire: Shortbow          |    42 |    79 ||   121
Ability: Spit Poison       |    20 |    21 ||    41
    Use: Scroll            |     5 |     4 ||     9
 Armour: Leather armour    |     2 |    12 ||    14
  Dodge: Dodged            |     3 |    20 ||    23
  Block: Other             |       |    15 ||    15
         Reflection        |       |     3 ||     3

Table legend:
 A = Non-vault XP
 B = Vault XP
 C = Vault XP percentage of total XP
 D = Non-vault monster count
 E = Vault monster count
 F = Vault count percentage of total count
                 A         B        C        D         E       F
            +---------+---------+-------+---------+---------+-------
      Total |     458 |      40 |   8.0 |      59 |       4 |   6.3
            +---------+---------+-------+---------+---------+-------
        D:1 |      16 |       5 |  23.8 |      11 |       3 |  21.4
        D:2 |      39 |       0 |   0.0 |      16 |       0 |   0.0
        D:3 |      75 |      35 |  31.8 |      23 |       1 |   4.2
        D:4 |     328 |       0 |   0.0 |       9 |       0 |   0.0
            +---------+---------+-------+---------+---------+-------
